 Dungeon Crawl Stone Soup version 0.27-a0-1232-gc6a4cbde82 (webtiles) character file.

Game seed: 737733949066325909

2194 wakim the Ducker (level 9, -5/68 HPs)
             Began as an Octopode Transmuter on June 9, 2021.
             Was an Initiate of Gozag.
             Killed from afar by a steam dragon (36 damage)
             ... with a ball of steam
             ... on level 6 of the Dungeon.
             The game lasted 00:19:59 (8612 turns).

wakim the Ducker (Octopode Transmuter)              Turns: 8612, Time: 00:20:00

Health: -5/68      AC: 10    Str: 10    XL:     9   Next: 34%
Magic:  12/12      EV: 12    Int: 18    God:    Gozag
Gold:   518        SH:  0    Dex: 12    Spells: 4/12 levels left

rFire    x . .     SeeInvis .     - Unarmed
rCold    + + +     Faith    .   (shield currently unavailable)
rNeg     . . .     Spirit   .   (helmet currently unavailable)
rPois    +         Reflect  .   (no amulet)
rElec    .         Harm     .   f - +4 ring of protection
rCorr    +         Rampage  .   k - ring of fire
Will     .....                  b - ring of ice
Stlth    +++.......             a - ring of resist corrosion
HPRegen  0.21/turn              (no ring)
MPRegen  0.13/turn              (no ring)
                                (no ring)
                                (no ring)

@: ice-form, gold aura
A: freezing attack, boosted hp, almost no armour, amphibious, 8 rings, large,
(camouflage 1), (gelatinous body 1), (nimble swimmer 1), (tentacles)
a: End Transformation, Renounce Religion, Potion Petition, Call Merchant, Bribe
Branch


You were on level 6 of the Dungeon.
You worshipped Gozag.
Gozag was pleased with you.
You were a creature of crystalline ice.
You visited 2 branches of the dungeon, and saw 8 of its levels.

You collected 593 gold pieces.
You paid 75 gold pieces to Gozag.

Inventory:

Jewellery
 a - a ring of resist corrosion (on tentacle)
 b - a ring of ice (on tentacle)
 f - a +4 ring of protection (left front paw)
 k - a ring of fire (right front paw)
Wands
 t - a wand of digging (5)
Scrolls
 T - 2 scrolls of teleportation
 U - a scroll of fear
 X - a scroll of fog
Potions
 A - a potion of ambrosia
 B - 3 potions of attraction {!q}
 F - 4 potions of curing
 I - a potion of invisibility
 L - 3 potions of lignification {!q}


   Skills:
 + Level 3.4 Fighting
 * Level 7.8 Dodging
 + Level 5.8 Stealth
 - Level 6.0 Unarmed Combat
 - Level 2.0 Spellcasting
 - Level 6.0 Transmutations


You had 4 spell levels left.
You knew the following spells:

 Your Spells              Type           Power      Damage    Failure   Level
a - Beastly Appendage     Tmut           46%        N/A       1%          1
c - Ice Form              Ice/Tmut       18%        N/A       45%         4
x - Spider Form           Tmut/Pois      6%         N/A       16%         3

Your spell library contained the following spells:

 Spells                   Type           Power      Damage    Failure   Level
 Wereblood                Tmut           23%        N/A       2%          2
 Hydra Form               Tmut           11%        N/A       38%         5


Dungeon Overview and Level Annotations

Branches:
Dungeon (7/15)             Temple (1/1) D:5

Altars:
Ashenzari
Cheibriados
Fedhas
Gozag
Hepliaklqana
Makhleb
Nemelex Xobeh
Okawaru
Sif Muna
Vehumet
Wu Jian
Yredelemnul
The Shining One

Shops:
D:5 **(*

Annotations:
D:4 2 transporters, Karim's ghost, amateur GnWr


Innate Abilities, Weirdness & Mutations

You are a creature of crystalline ice.
You have a powerful freezing melee attack.
Your maximum health is increased.
Your armour is entirely melded.
You are incapable of wielding weapons or throwing items.
You cannot wear most types of armour.
You are amphibious.
You can wear up to eight rings at the same time.
((Your skin changes colour to match your surroundings (Stealth+).))
((Your rubbery body absorbs attacks. (AC +1, EV +1)))
((You are camouflaged near water. (Stealth+)))
((You have tentacles for arms and can constrict up to eight enemies at once.))


Message History

Things that are here:
a +0 short sword; 4 poisoned darts; a +0 club
There is a stone staircase leading down here.
You climb downwards.
The orc priest calls down the wrath of Beogh upon you.
You struggle to resist.
The kobold hits you but does no damage.
There is a stone staircase leading up here.
The steam dragon breathes steam at you. The ball of steam hits you!!
The steam scalds you terribly! The kobold hits you but does no damage.
The steam dragon breathes steam at you. The ball of steam misses you.
You hear a shout! x2
You climb upwards.
There is a stone staircase leading down here.
You barely miss the steam dragon. The kobold hits you with a +0 dagger.
You hit the steam dragon. You freeze the steam dragon.
The steam dragon is lightly wounded.
The steam dragon bites you. The steam dragon barely misses you.
The kobold barely misses you.
You completely miss the steam dragon.
The steam dragon is lightly wounded.
The steam dragon misses you. The steam dragon claws you.
You barely miss the steam dragon.
The steam dragon is lightly wounded.
The kobold barely misses you. The steam dragon closely misses you.
The steam dragon claws you but does no damage.
You punch the steam dragon! You freeze the steam dragon.
The steam dragon is heavily wounded.
The kobold hits you with a +0 dagger.
The steam dragon bites you but does no damage.
The steam dragon claws you.
* * * LOW HITPOINT WARNING * * *
You hit the kobold. You freeze the kobold.
You kill the kobold!
The steam dragon breathes steam at you. The ball of steam hits you!!!
The steam scalds you terribly!
Ouch! That really hurt!
You die...
Your body crumbles into a pile of gold.

#########
######
#.......#
#....#
#.......#
#....#
#.......#
#....#
#.......#
#....#
#.......#
#..D)#
#.......#
#..$Y#
#.......#
###'###
#.......###
#.....#
###........
#.....#
#........
#.....#
#........
#.....#
#........
#.....#
#........
#.....#
#........
#.....#
####......##


You could see a steam dragon (catching breath).

Vanquished Creatures
  Prince Ribbit (D:5)
  Edmund (D:5)
  An ice beast (D:4)
  2 ogres
  2 black bears
  A necrophage (D:4)
  A sky beast (D:6)
  3 centaurs (D:6)
  A kobold brigand (D:6)
  3 bullfrogs (D:6)
  A scorpion (D:5)
  2 jellies
  A gnoll shaman (D:3)
  2 hounds
  3 orc priests
  Terence (D:2)
  4 iguanas (D:5)
  5 orc wizards
  8 adders
  4 gnolls (D:4)
  2 white imps (D:6)
  An ufetubus (D:6)
  A worm (D:3)
  A dart slug (D:1)
  8 orcs
  14 ball pythons
  8 endoplasms
  4 giant cockroaches
  5 goblins
  2 hobgoblins
  4 jackals (D:1)
  13 kobolds
  2 quokkas
  3 bats
  6 frilled lizards
  6 rats
127 creatures vanquished.

Notes
Turn   | Place    | Note
-------+----------+-------------------------------------------
     0 | D:1      | wakim the Octopode Transmuter began the quest for the Orb.
     0 | D:1      | Reached XP level 1. HP: 13/13 MP: 3/3
    72 | D:1      | Reached skill level 1 in Stealth
   197 | D:1      | Reached XP level 2. HP: 13/18 MP: 5/5
   751 | D:1      | Reached XP level 3. HP: 23/23 MP: 6/6
   841 | D:1      | Found a faded altar of an unknown god.
  1338 | D:1      | Learned a level 3 spell: Spider Form
  1754 | D:2      | Reached XP level 4. HP: 26/28 MP: 7/7
  2443 | D:2      | Noticed Terence
  2456 | D:2      | Killed Terence
  2823 | D:3      | Reached XP level 5. HP: 28/33 MP: 8/8
  4125 | D:4      | Reached skill level 3 in Dodging
  4128 | D:4      | Reached XP level 6. HP: 38/38 MP: 6/9
  4305 | D:4      | Found a transporter.
  4309 | D:4      | Found a transporter.
  4309 | D:4      | Noticed Karim's ghost (amateur GnWr)
  4661 | D:5      | Entered Level 5 of the Dungeon
  4661 | D:5      | Noticed Edmund
  4661 | D:5      | Noticed a necrophage
  4705 | D:5      | Noticed an ice beast
  4726 | D:4      | Killed an ice beast
  4727 | D:4      | Reached skill level 5 in Transmutations
  4727 | D:4      | Reached XP level 7. HP: 11/43 MP: 4/10
  5030 | D:4      | Learned a level 4 spell: Ice Form
  5046 | D:5      | Reached skill level 5 in Unarmed Combat
  5057 | D:5      | Reached skill level 4 in Dodging
  5058 | D:5      | Noticed Prince Ribbit
  5318 | D:5      | Killed Prince Ribbit
  5319 | D:5      | Reached XP level 8. HP: 34/48 MP: 7/11
  5469 | D:5      | Reached skill level 5 in Dodging
  5670 | D:5      | Found Qaotehiusch's General Store.
  5723 | D:5      | Killed Edmund
  5873 | D:5      | Found Jyarem's General Store.
  5884 | D:5      | Found Obiusu's Weapon Shop.
  5890 | D:5      | Found Gohoczek's General Store.
  5900 | D:5      | Found a staircase to the Ecumenical Temple.
  5906 | D:5      | Found a burning altar of Makhleb.
  5913 | Temple   | Entered the Ecumenical Temple
  5925 | Temple   | Became a worshipper of Gozag Ym Sagoz the Greedy
  6029 | D:5      | Found Ogeohiy's Jewellery Emporium.
  6312 | D:5      | Reached skill level 6 in Dodging
  6905 | D:6      | Reached skill level 7 in Dodging
  6905 | D:6      | Reached XP level 9. HP: 44/55 MP: 12/12
  7335 | D:6      | Reached skill level 5 in Stealth
  8612 | D:6      | Killed from afar by a steam dragon

Illustrated notes

Levels and vault maps discovered:
D:1:      minmay_arrival_open_corners, layout_basic,
          ebering_ecumenical_altar_webs
D:2:      layout_basic, uniq_terence
D:3:      layout_rooms, st_stairs_14, grunt_decor_clamped
D:4:      layout_loops_ring, gammafunk_ghost_arena
D:5:      layout_basic, lemuel_crystal_altar, minmay_temple_entry_proselytizer,
          serial_shops, shop, nicolae_shop_window_shopping, shop,
          shop_fountains, shop, kennysheep_dice, uniq_edmund,
          uniq_prince_ribbit1
D:6:      layout_gridville, minmay_misc_feat_tower, minmay_misc_feat_diagonals
D:7:      layout_rooms, dk_noncrumbling_2, uniq_harold
Temple:   compressed_dpeg_triangle_lava_temple

Skill      XL: |  1  2  3  4  5  6  7  8  9 |
---------------+----------------------------+-----
Stealth        | 1 3 4 5 |  5.8
Transmutations | 3 5 6 |  6.0
Unarmed Combat | 4 5 6 |  6.0
Dodging        | 3 4 7 |  7.8
Fighting       | 2 3 |  3.4
Spellcasting   | |  2.0

Action                   |  1- 3 |  4- 6 |  7- 9 || total
-------------------------+-------+-------+-------++-------
Melee: Unarmed           |    86 |   115 |   158 ||   359
       Constrict         |    18 |    13 |     7 ||    38
       Tentacles         |    10 |    12 |    11 ||    33
       Punch             |     3 |     1 |     2 ||     6
 Cast: Spider Form       |       |     7 |    17 ||    24
       Beastly Appendage |       |     3 |       ||     3
       Ice Form          |       |       |     3 ||     3
  Use: Scroll            |       |     6 |     7 ||    13
       Potion            |       |       |     1 ||     1
 Stab: Sleeping          |     9 |     9 |     7 ||    25
       Distracted        |       |       |     1 ||     1
Armor: Skin              |    13 |    20 |    43 ||    76
Dodge: Dodged            |    44 |    63 |   135 ||   242

Table legend: (Time is in decaauts)
 A = Elapsed time spent in this place.
 B = Non-inter-level travel time spent in this place.
 C = Inter-level travel time spent in this place.
 D = Time resting spent in this place.
 E = Time spent auto-exploring this place.
 F = Levels seen in this place.
 G = Mean time per level.
                   A        B        C        D        E       F      G
               +--------+--------+--------+--------+--------+-----+--------+
         Total |   8591 |   8280 |    311 |    689 |   6236 |   8 | 1073.9 |
       Dungeon |   8567 |   8263 |    304 |    689 |   6230 |   7 | 1223.9 |
        Temple |     24 |     17 |      7 |      0 |      6 |   1 |   24.0 |
               +--------+--------+--------+--------+--------+-----+--------+

Top non-repeatable levels by time:
     D:6: 2015 daAuts
     D:2: 1439 daAuts
     D:1: 1336 daAuts
     D:5: 1301 daAuts
     D:3: 1271 daAuts
     D:4: 1192 daAuts
  Temple: 24 daAuts
     D:7: 10 daAuts
